 Dungeon Crawl Stone Soup version 0.27.0-1-g7a089689b8 (webtiles) character file.

Game seed: 2853335333130537518

12188 ketsa the Cleaver (level 11, -2/132 HPs)
             Began as a Palentonga Berserker on July 31, 2021.
             Was a High Priest of Trog.
             Slain by a two-headed ogre (17 damage)
             ... on level 11 of the Dungeon.
             The game lasted 00:53:23 (15211 turns).

ketsa the Cleaver (Palentonga Berserker)           Turns: 15211, Time: 00:53:24

Health: -2/132     AC: 23    Str: 22    XL:     11   Next: 59%
Magic:  11/11      EV:  9    Int:  9    God:    Trog [*****.]
Gold:   502        SH:  0    Dex: 16    Spells: 10/10 levels left

rFire    . . .     SeeInvis +   f - +6 war axe "Zuogiep" {flame, rN+}
rCold    + . .     Faith    +   (no shield)
rNeg     + . .     Spirit   .   L - +1 chain mail {rC+}
rPois    .         Reflect  .   (helmet restricted)
rElec    .         Harm     .   (no cloak)
rCorr    .         Rampage  .   (no gloves)
Will     .....                  K - +0 barding
Stlth    ..........             p - amulet of faith
HPRegen  0.32/turn              q - +6 ring of dexterity
MPRegen  0.12/turn              i - +4 ring of evasion

@: berserking, curled up, very quick
A: large, rugged brown scales 3, see invisible, deformed body, roll 1, armoured
tail, reflexive curl, horns 1
a: Rolling Charge, Renounce Religion, Berserk, Trog's Hand, Brothers in Arms


You were on level 11 of the Dungeon.
You worshipped Trog.
Trog was extremely pleased with you.
You visited 2 branches of the dungeon, and saw 13 of its levels.

You collected 502 gold pieces.

Inventory:

Hand Weapons
 a - a +1 hand axe
 f - the +6 war axe "Zuogiep" (weapon) {flame, rN+}
   (You found it on level 11 of the Dungeon)

   It burns those it strikes, dealing additional fire damage.
   Big, fiery blades are also staple armaments of hydra-hunters.
   rN:        It protects you from negative energy.
 U - a +0 war axe
Missiles
 u - 314 stones
 G - 26 poisoned darts
Armour
 o - a +0 scale mail
 s - a +0 buckler
 K - a +0 barding (worn)
 L - a +1 chain mail of cold resistance (worn)
 M - a +0 plate armour
 O - a +0 helmet
Jewellery
 i - a +4 ring of evasion (right hand)
 n - a +4 ring of evasion
 p - an amulet of faith (around neck)
 q - a +6 ring of dexterity (left hand)
 z - a ring of resist corrosion
 S - a ring of positive energy
 W - the ring "Waini" {Ice Str+3 Int+3 Dex+8 Slay-5}
   (You found it on level 9 of the Dungeon)

   [ring of ice]

   It enhances your ice magic.
   Str:       It affects your strength (+3).
   Int:       It affects your intelligence (+3).
   Dex:       It affects your dexterity (+8).
   Slay:      It affects your accuracy & damage with ranged weapons and melee
   (-5).
   rF:        It makes you vulnerable to fire.
   rC:        It protects you from cold.
 X - the amulet of Vitality {Regen+ HP+15}
   (You found it on level 9 of the Dungeon)

   [amulet of regeneration]

   HP:        It affects your health (+15).
   Regen:     It increases your rate of health regeneration.
 Y - a +4 ring of evasion
Wands
 A - a wand of mindburst (11)
 C - a wand of flame (38) (quivered)
 N - a wand of polymorph (7)
 T - a wand of acid (8)
Scrolls
 b - a scroll of holy word {unknown}
 d - 4 scrolls of teleportation
 g - 7 scrolls of enchant weapon
 t - a scroll of amnesia {unknown}
 y - a scroll of fear {unknown}
 F - 4 scrolls of identify
 H - a scroll of fog
 J - a scroll of silence {unknown}
 P - a scroll of acquirement {unknown}
 R - a scroll of blinking {unknown}
 V - 2 scrolls of immolation {unknown}
 Z - 3 scrolls of noise {unknown}
Potions
 e - a potion of cancellation {unknown}
 h - 2 potions of haste
 k - 3 potions of lignification
 l - 2 potions of curing
 m - a potion of might {unknown}
 r - 4 potions of invisibility
 x - 4 potions of attraction
 D - 3 potions of berserk rage
 I - 2 potions of ambrosia {unknown}
Miscellaneous
 c - a phantom mirror (inert)


   Skills:
 + Level 6.9 Fighting
 - Level 14.0 Axes
 + Level 9.0 Armour
 - Level 1.5 Dodging


You had 10 spell levels left.
You didn't know any spells.
Your spell library contained the following spells:

 Spells                   Type           Power      Damage    Failure   Level
 Apportation              Tloc           0%         N/A       95%         1
 Foxfire                  Conj/Fire      0%         2x1d4     95%         1
 Slow                     Hex            0%         N/A       98%         2
 Confusing Touch          Hex            0%         N/A       100%        3
 Conjure Flame            Conj/Fire      0%         6-21      100%        3
 Dazzling Flash           Conj/Hex       0%         N/A       100%        3
 Inner Flame              Hex/Fire       0%         N/A       100%        3
 Vampiric Draining        Necr           0%         2d6       100%        3
 Iskenderun's Mystic Bla  Conj/Tloc      0%         2d3       100%        4
 Alistair's Intoxication  Tmut/Pois      0%         N/A       100%        5
 Invisibility             Hex            0%         N/A       100%        6
 Starburst                Conj/Fire      0%         8x6d3     100%        6


Dungeon Overview and Level Annotations

Branches:
Dungeon (12/15)            Temple (1/1) D:7            Lair (0/6) D:11
    Orc: D:9-12

Altars:
Ashenzari
Cheibriados
Dithmenos
Elyvilon
Fedhas
Gozag
Hepliaklqana
Kikubaaqudgha
Makhleb
Nemelex Xobeh
Okawaru
Qazlal
Ru
Sif Muna
Trog
Uskayaw
Vehumet
Wu Jian
Xom
Yredelemnul
Zin
The Shining One

Shops:
D:4 :   D:10 *


Innate Abilities, Weirdness & Mutations

You are completely covered in rugged brown scales. (AC +3, +7% HP)
You have supernaturally acute eyesight. (SInv)
Armour fits poorly on your strangely shaped body.
You can roll at nearby foes to attack.
You have a long armoured tail.
You curl defensively after being hit.
You have a pair of small horns on your head.


Message History

The +6 war axe "Zuogiep" {flame, rN+} bursts into flame!
f - the +6 war axe "Zuogiep" (weapon)
{flame, rN+}
There is a stone staircase leading down here.
You climb downwards.
There is a stone staircase leading up here.
You climb upwards.
There is a stone staircase leading down here.
There is a stone staircase leading down here.
You climb downwards.
There is a stone staircase leading up here.
You climb upwards.
There is a stone staircase leading down here.
There is a stone staircase leading up here.
A two-headed ogre comes into view.
It is wielding a +0 great mace and a +0 dire flail.
The two-headed ogre shouts in stereo!
The two-headed ogre hits you with a +0 great mace!
The two-headed ogre hits you with a +0 dire flail.
You hit the two-headed ogre. You burn the two-headed ogre.
The two-headed ogre is lightly wounded.
The two-headed ogre hits you with a +0 great mace!!
The two-headed ogre hits you but does no damage.
You hit the two-headed ogre. You burn the two-headed ogre.
You headbutt the two-headed ogre! You tail-slap the two-headed ogre!
The two-headed ogre is heavily wounded.
You closely miss the two-headed ogre. You tail-slap the two-headed ogre.
The two-headed ogre is heavily wounded.
The two-headed ogre hits you with a +0 great mace!
The two-headed ogre hits you but does no damage.
You hit the two-headed ogre. You burn the two-headed ogre.
The two-headed ogre is severely wounded.
The two-headed ogre hits you with a +0 great mace!!
* * * LOW HITPOINT WARNING * * *
The two-headed ogre hits you with a +0 dire flail!
* * * LOW HITPOINT WARNING * * *
A red film seems to cover your vision as you go berserk!
You feel yourself moving faster!
You feel mighty!
You hit the two-headed ogre. You burn the two-headed ogre.
The two-headed ogre is severely wounded.
The two-headed ogre hits you with a +0 great mace!
You die...

#.# ##.#.###.##.#......#
#.######......##.#.#.####
#..................#.#
########.###.........#
#.# #####.##### #.# #.#
#.# #.# #.#######.#
#.....O@..# ###########


You could see a two-headed ogre.

Vanquished Creatures
  An ettin (D:10)
  A two-headed ogre (D:8)
  An ugly thing (D:7)
  An elephant (D:10)
  A hornet (D:11)
  A slime creature (D:10)
  A wraith (D:11)
  31 yaks
  2 steam dragons
  A basilisk (D:11)
  Duvessa (D:6)
  5 water moccasins
  4 orc warriors
  A black bear (D:11)
  7 sky beasts
  An ice beast (D:7)
  3 ogres
  A necrophage (D:4)
  4 phantoms
  5 bullfrogs
  A kobold brigand (D:8)
  A water moccasin zombie (D:5)
  A scorpion (D:4)
  A wyvern skeleton (D:6)
  Dowan (D:6)
  14 killer bees
  5 wights (D:9)
  4 centaur zombies
  3 jellies
  5 orc priests
  A bullfrog skeleton (D:3)
  3 centaur skeletons
  3 iguanas
  12 orc wizards
  A hound skeleton (D:5)
  2 howler monkey zombies
  3 adders
  A howler monkey skeleton (D:7)
  A white imp (D:7)
  An ufetubus (D:6)
  2 worms (D:5)
  3 dart slugs
  29 orcs
  10 endoplasms
  6 giant cockroaches
  7 goblins
  10 hobgoblins
  10 jackals
  13 kobolds
  2 quokkas
  3 ball pythons
  4 bats
  A frilled lizard (D:1)
  A quokka zombie (D:5)
  5 rats
  A rat zombie (D:5)
244 creatures vanquished.

Vanquished Creatures (others)
  2 fungi
2 creatures vanquished.

Grand Total: 246 creatures vanquished

Notes
Turn   | Place    | Note
-------+----------+-------------------------------------------
     0 | D:1      | ketsa the Palentonga Berserker began the quest for the Orb.
     0 | D:1      | Reached XP level 1. HP: 19/19 MP: 1/1
   264 | D:1      | Reached XP level 2. HP: 25/25 MP: 2/2
   676 | D:1      | Found a faded altar of an unknown god.
   701 | D:1      | Reached ** piety under Trog
   728 | D:1      | Identified the +2 robe of a bazaar {rF+}
   889 | D:1      | Reached skill level 4 in Axes
  1132 | D:1      | Reached XP level 3. HP: 25/31 MP: 3/3
  2336 | D:3      | Reached skill level 5 in Axes
  2336 | D:3      | Reached XP level 4. HP: 11/37 MP: 4/4
  2601 | D:3      | Gained mutation: You have a pair of small horns on your
                  | head. [potion of mutation]
  2915 | D:3      | Reached XP level 5. HP: 37/43 MP: 5/5
  3052 | D:3      | Reached *** piety under Trog
  3071 | D:3      | Reached skill level 6 in Axes
  3570 | D:5      | Entered Level 5 of the Dungeon
  3673 | D:4      | Found Ofaico's Self-Improvement Boutique.
  3717 | D:4      | Noticed a necrophage
  3733 | D:4      | Killed a necrophage
  3734 | D:4      | Reached XP level 6. HP: 48/50 MP: 6/6
  3786 | D:4      | Reached skill level 7 in Axes
  3795 | D:4      | Noticed a sky beast
  3814 | D:4      | Killed a sky beast
  3815 | D:4      | Gained mutation: You curl defensively after being hit.
                  | [Palentonga growth]
  3815 | D:4      | Reached XP level 7. HP: 35/55 MP: 7/7
  3971 | D:4      | Reached **** piety under Trog
  4376 | D:5      | Reached skill level 8 in Axes
  4507 | D:5      | Reached XP level 8. HP: 39/62 MP: 8/8
  4662 | D:5      | Reached skill level 9 in Axes
  5364 | D:6      | Reached skill level 10 in Axes
  5416 | D:6      | Reached skill level 5 in Armour
  5745 | D:6      | Identified the +0 robe of Supple Strength {rElec Dex+5}
  5842 | D:6      | Reached XP level 9. HP: 59/67 MP: 9/9
  6312 | D:6      | Noticed Dowan
  6313 | D:6      | Noticed Duvessa
  6318 | D:6      | Killed Dowan
  6324 | D:6      | Killed Duvessa
  6325 | D:6      | Reached skill level 11 in Axes
  6331 | D:6      | HP: 2/67 [poisoned by Duvessa]
  7348 | D:7      | Found a staircase to the Ecumenical Temple.
  7354 | Temple   | Entered the Ecumenical Temple
  7766 | D:7      | Reached ***** piety under Trog
  8422 | D:8      | Noticed a red ugly thing
  8545 | D:7      | Killed a red ugly thing
  8546 | D:7      | Reached skill level 12 in Axes
  8767 | D:8      | Found a shimmering altar of Xom.
  8896 | D:8      | Reached XP level 10. HP: 74/74 MP: 10/10
  8896 | D:8      | Found a shimmering altar of Xom.
  9180 | D:8      | Noticed a two-headed ogre
  9186 | D:8      | Killed a two-headed ogre
 10375 | D:9      | Reached skill level 13 in Axes
 11380 | D:9      | Identified the ring "Waini" {Ice Str+3 Int+3 Dex+8 Slay-5}
 11481 | D:9      | Found the amulet of Vitality {Regen+ HP+15}
 11772 | D:10     | Entered Level 10 of the Dungeon
 11825 | D:10     | Reached skill level 5 in Fighting
 11829 | D:10     | Reached XP level 11. HP: 84/84 MP: 11/11
 12485 | D:10     | Found Xary's Lightly-Used Armoury.
 13727 | D:10     | Noticed an ettin
 13735 | D:10     | Killed an ettin
 13736 | D:10     | Reached skill level 14 in Axes
 14125 | D:11     | Found a staircase to the Lair.
 14583 | D:11     | Noticed an eight-headed hydra
 15156 | D:11     | Identified the +6 war axe "Zuogiep" {flame, rN+}
 15203 | D:11     | Noticed a two-headed ogre
 15211 | D:11     | Slain by a two-headed ogre

Illustrated notes

Levels and vault maps discovered:
D:1:      grunt_arrival_lava_bath, layout_loops_corners,
          hellmonk_ecumenical_altar_lost_god, serial_forest,
          infiniplex_forest_straight_3, infiniplex_forest_lined_2,
          infiniplex_forest_straight_3, infiniplex_forest_lined_corner,
          infiniplex_forest_straight_1, minmay_box_of_dots
D:2:      layout_basic
D:3:      layout_basic
D:4:      layout_rooms, nicolae_shop_self_help
D:5:      layout_basic, enter_ossuary_4, kennysheep_generic_room_10
D:6:      layout_basic, uniq_duvessa
D:7:      layout_basic, minmay_temple_entry_enclosed_plants,
          hangedman_decor_slide_cut, minmay_circle_x
D:8:      layout_cave_pools, xom_redecorated, serial_park, serial_park_square1
          [serial_park_minivault_5x5_6], serial_park_tiny_2,
          serial_park_tiny_pond, serial_park_gazebo
          [serial_park_minivault_5x5_6], serial_park_tiny_1
D:9:      layout_grid_maze
D:10:     layout_loops_ring, minmay_shop_damaged, abandoned_shop, minivault_5,
          minmay_three_doors
D:11:     layout_loops_ring, david_lair_generic
D:12:     layout_basic, erik_orc_2, serial_shops, nicolae_lakefront_shop
Temple:   roderic_octagonal_lattice_temple

Skill      XL: |  1  2  3  4  5  6  7  8  9 10 11 |
---------------+----------------------------------+-----
Axes           | 4 5 6 7 8 10 12 13 14 | 14.0
Armour         | 2 3 5 6 7 9 |  9.0
Fighting       | 5 6 |  6.9
Dodging        | |  1.5

Action                   |  1- 3 |  4- 6 |  7- 9 | 10-12 || total
-------------------------+-------+-------+-------+-------++-------
Melee: Hand axe          |   115 |   118 |   314 |   107 ||   654
       Tailslap          |    18 |     9 |    58 |    58 ||   143
       Headbutt          |       |    26 |    65 |    98 ||   189
       War axe           |       |       |       |   209 ||   209
Invok: Berserk           |       |     1 |     7 |    16 ||    24
       Trog's Hand       |       |       |       |     2 ||     2
       Brothers in Arms  |       |       |       |     1 ||     1
 Abil: Rolling Charge    |     1 |     1 |     5 |     3 ||    10
Evoke: Wand              |       |       |     6 |     2 ||     8
       Phantom mirror    |       |       |       |     1 ||     1
  Use: Scroll            |     2 |       |     6 |     1 ||     9
       Potion            |       |     2 |     3 |       ||     5
 Stab: Sleeping          |       |     1 |       |       ||     1
Armor: Animal skin       |    31 |    11 |       |       ||    42
       Scale mail        |       |    26 |    26 |       ||    52
       Ring mail         |       |       |    51 |       ||    51
       Chain mail        |       |       |     1 |   193 ||   194
Dodge: Dodged            |    57 |    47 |   149 |   111 ||   364
